 Dungeon Crawl Stone Soup version 0.27-a0-686-gaed091b46b (webtiles) character file.

Game seed: 13584975248309072912

9 sahdkjhfkaj the Skirmisher (level 2, 0/27 HPs)
             Began as a Draconian Abyssal Knight on Mar 20, 2021.
             Was an Initiate of Lugonu.
             Slain by a leopard gecko (3 damage)
             ... on level 2 of the Dungeon.
             The game lasted 00:00:43 (298 turns).

sahdkjhfkaj the Skirmisher (DrAK)                    Turns: 298, Time: 00:00:44

Health: 0/27       AC:  4    Str: 14    XL:     2   Next: 6%
Magic:  3/3        EV: 12    Int: 12    God:    Lugonu [......]
Gold:   20         SH:  0    Dex: 10    Spells: 1/1 levels left

rFire    . . .     SeeInvis .   a - +1 spear
rCold    . . .     Faith    .   (no shield)
rNeg     . . .     Spirit   .   (armour unavailable)
rPois    .         Reflect  .   (helmet restricted)
rElec    .         Harm     .   (no cloak)
rCorr    .         Rampage  .   (no gloves)
Will     .....                  (no boots)
Stlth    +.........             (no amulet)
HPRegen  0.09/turn              (no ring)
MPRegen  0.08/turn              (no ring)

@: lethally poisoned (0 -> -1)
A: AC +4, unfitting armour, cold-blooded
a: Renounce Religion


You were on level 2 of the Dungeon.
You worshipped Lugonu.
Lugonu was noncommittal.
You visited 1 branch of the dungeon, and saw 3 of its levels.
You visited the Abyss 1 time.

You collected 20 gold pieces.

Inventory:

Hand Weapons
 a - a +1 spear (weapon)
 b - a +0 vampiric dagger


   Skills:
 + Level 4.0 Fighting
 - Level 2.0 Polearms
 - Level 2.1 Dodging
 - Level 2.0 Invocations


You had one spell level left.
You didn't know any spells.
Your spell library was empty.

Dungeon Overview and Level Annotations

Branches:
Dungeon (3/15)

Altars:


Innate Abilities, Weirdness & Mutations

Your plain brown scales are hard. (AC +4)
You cannot fit into any form of body armour.
You are cold-blooded and may be slowed by cold attacks.


Message History

A goblin comes into view. It is wielding a +0 club.
Unknown command.
A rat comes into view.
The goblin barely misses you. The giant cockroach bites you.
The giant cockroach bites you.
The leopard gecko bites you but does no damage.
The leopard gecko bites you but does no damage.
Found a runed hand axe.
An adder and a worm come into view.
Found 18 gold pieces.
Found a leather armour.
A kobold comes into view. It is wielding a +0 whip.
The kobold shouts!
The rat twitches its whiskers.
The kobold throws a stone.
The stone misses you. The adder bites you.
You are poisoned.
The adder poisons you!
You feel sick.
The kobold throws a stone.
The stone misses you.
The kobold throws a stone.
The stone hits you but does no damage.
The kobold throws a stone.
The stone hits you.
* * * LOW HITPOINT WARNING * * *
The adder barely misses you.
You feel sick.
The kobold throws a stone.
The stone barely misses you. The goblin hits you but does no damage.
The kobold throws a stone.
The stone hits you.
* * * LOW HITPOINT WARNING * * *
The leopard gecko bites you but does no damage.
* * * LOW HITPOINT WARNING * * *
You feel sick.
There is a stone staircase leading up here.
The leopard gecko barely misses you.
You climb upwards.
There is a stone staircase leading down here.
You hit the leopard gecko.
Your tail-slap misses the leopard gecko.
The leopard gecko is almost dead.
You feel sick. The leopard gecko bites you.
You die...

#......# ...#.####.#
...#.# #.# #..#.# #.#
.. #..#.# #.###...#
####..#.# #..†.....
####.....#.#
#####....
##......#.#.###### ..
.......@l........#
##.##..............
#.......#....##..#
#.......####.## .#
.#.......#..#...
............#..##
###............. ....
.........#..#..###..#
.........#.(...# #..#


You could see a leopard gecko.

Vanquished Creatures
  A bat (D:3)
  A giant cockroach (D:3)
  2 goblins
  A hobgoblin (D:3)
  A jackal (D:2)
  A quokka (D:3)
7 creatures vanquished.

Notes
Turn   | Place    | Note
-------+----------+-------------------------------------------
     0 | Abyss:1  | sahdkjhfkaj the Draconian Abyssal Knight began the quest
                  | for the Orb.
     0 | Abyss:1  | Reached XP level 1. HP: 19/19 MP: 2/2
     0 | D:1      | Escaped the Abyss
   192 | D:3      | Reached XP level 2. HP: 23/27 MP: 3/3
   260 | D:3      | Reached skill level 4 in Fighting
   298 | D:2      | Slain by a leopard gecko

Illustrated notes

Levels and vault maps discovered:
D:1:      lemuel_arrival_cross, layout_loops_cross
D:2:      layout_basic, st_stairs_3
D:3:      layout_rooms, nicolae_overflow_hidden_temple, serial_bayou_pond_a,
          nemelex_dance_club_becter

Skill      XL: |  1  2 |
---------------+-------+-----
Fighting       | 4 |  4.0
Polearms       | |  2.0
Dodging        | |  2.1
Invocations    | |  2.0

Action                   || total
-------------------------++-------
Melee: Spear             ||    35
       Tailslap          ||     4
Invok: Depart the Abyss  ||     1
  Use: Scroll            ||     2
Armor: Skin              ||    12
Dodge: Dodged            ||    28

Table legend: (Time is in decaauts)
 A = Elapsed time spent in this place.
 B = Non-inter-level travel time spent in this place.
 C = Inter-level travel time spent in this place.
 D = Time resting spent in this place.
 E = Time spent auto-exploring this place.
 F = Levels seen in this place.
 G = Mean time per level.
                   A        B        C        D        E       F      G
               +--------+--------+--------+--------+--------+-----+--------+
         Total |    297 |    268 |     29 |      0 |    175 |   4 |   74.2 |
       Dungeon |    297 |    268 |     29 |      0 |    175 |   3 |   99.0 |
         Abyss |      0 |      0 |      0 |      0 |      0 |   1 |    0.0 |
               +--------+--------+--------+--------+--------+-----+--------+

Top non-repeatable levels by time:
     D:3: 168 daAuts
     D:2: 91 daAuts
     D:1: 37 daAuts
